Map: 2000 Atmospheres LE

Players

Nice - Winner!

  • Race: Protoss Protoss

GogojOey

  • Race: Zerg Zerg

Event: DreamHack SC2 Masters 2021 Summer

VOD

Have the link to the VOD?

Description

Time

  • Played on: May 19, 2021, 9:07 a.m.
  • Length: 12:22

All games in this series

Show
View Real Time Build Order
Export as new Build Order

Nice Protoss - Winner!

Build Orders: 1 Gate Expand, Oracle Opening 

Get SALT Encoding   

  12  0:00  Probe  
  13  0:12  Probe  
  14  0:19  Pylon  
  14  0:24  Probe  
  15  0:37  Probe (Chrono Boost)  
  15  0:40  Gateway  
  16  0:48  Probe (Chrono Boost)  
  16  0:49  Assimilator  
  17  0:53  Probe (Chrono Boost)  
  18  1:03  Probe  
  19  1:15  Probe  
  20  1:27  Cybernetics Core  
  20  1:38  Nexus  
  20  1:45  Pylon  
  20  1:51  Assimilator  
  20  1:53  Probe  
  21  2:01  Adept (Chrono Boost)  
  21  2:05  Probe  
  24  2:17  Probe  
  24  2:21  Adept (Chrono Boost)  
  27  2:30  Probe  
  27  2:31  Stargate  
  28  2:42  Probe  
  28  2:43  Warp Gate  
  28  2:44  Adept  
  31  2:54  Probe  
  31  2:58  Probe  
  33  3:17  Oracle (Chrono Boost)  
  33  3:23  Probe  
  35  3:27  Probe  
  35  3:29  Gateway  
  36  3:35  Probe  
  36  3:38  Pylon, Void Ray (Chrono Boost)  
  36  3:39  Probe  
  38  3:47  Probe  
  38  3:48  Adept  
  43  3:50  Shield Battery  
  43  3:51  Probe  
  44  3:59  Probe  
  45  4:03  Probe  
  45  4:04  Pylon  
  45  4:06  Twilight Council  
  46  4:12  Probe  
  46  4:16  Probe  
  48  4:24  Probe  
  49  4:28  Probe  
  49  4:29  Gateway  
  50  4:31  Gateway  
  50  4:33  Adept x2  
  50  4:36  Probe, Assimilator  
  55  4:40  Probe  
  56  4:45  Pylon  
  56  4:46  Resonating Glaives (Chrono Boost)  
  56  4:48  Probe  
  56  4:52  Nexus  
  58  4:59  Adept  
  59  5:00  Adept  
  59  5:01  Probe  
  59  5:03  Probe  
  59  5:06  Shield Battery  
  63  5:13  Probe  
  64  5:16  Probe, Pylon  
  64  5:19  Pylon  
  65  5:27  Adept  
  65  5:28  Adept  
  69  5:32  Probe, Assimilator  
  69  5:35  Pylon, Adept  
  72  5:36  Adept  
  72  5:40  Probe  
  75  5:44  Probe  
  76  5:52  Probe  
  76  5:55  Adept x2  
  76  5:56  Adept  
  83  5:57  Adept  
  85  6:05  Probe  
  85  6:07  Probe x2  
  86  6:25  Probe x2  
  86  6:26  Robotics Facility  
  86  6:28  Robotics Facility  
  86  6:30  Probe  
  83  6:37  Probe x2, Blink (Chrono Boost)  
  81  6:40  Sentry x4  
  81  6:42  Probe, Forge  
  86  6:49  Probe x2  
  76  7:04  Stalker x3  
  76  7:05  Stalker  
  76  7:06  Probe  
  85  7:10  Gateway  
  85  7:11  Probe x2  
  85  7:12  Gateway, Immortal (Chrono Boost)  
  85  7:13  Gateway, Shield Battery  
  85  7:15  Assimilator  
  87  7:16  Observer (Chrono Boost)  
  87  7:17  Gateway  
  87  7:20  Assimilator  
  92  7:26  Photon Cannon  
  92  7:27  Protoss Ground Weapons Level 1 (Chrono Boost), Pylon, Immortal (Chrono Boost)  
  92  7:33  Probe x3  
  99  7:41  Photon Cannon  
  99  7:42  Photon Cannon  
  99  7:45  Pylon  
  99  7:49  Sentry x2  
  103  7:51  Stalker  
  103  7:52  Zealot  
  103  7:55  Warp Prism (Chrono Boost)  
  109  8:04  Pylon  
  109  8:07  Pylon  
  109  8:08  Pylon  
  109  8:18  Stalker x5  
  119  8:28  Stalker  
  119  8:29  Stalker x2  
  126  8:34  Robotics Bay  
  126  8:35  Charge  
  125  8:43  Stalker  
  125  8:44  Stalker x3  
  127  9:11  Stalker  
  127  9:12  Stalker x7  
  143  9:24  Nexus  
  143  9:26  Pylon x2  
  142  9:37  Disruptor x2 (Chrono Boost)  
  137  9:50  Nexus  
  137  9:52  Pylon  
  123  9:58  Stalker  
  123  9:59  Stalker x6  
  136  10:00  Stalker  
  134  10:09  Disruptor x2 (Chrono Boost)  
  123  10:27  Stalker  
  123  10:28  Stalker x3  
  127  10:29  Zealot x4  
  135  10:44  Nexus  
  135  10:45  Observer (Chrono Boost)  
  135  10:47  Pylon  
  126  11:06  Stalker x5  
  126  11:07  Stalker  
  108  11:11  Stalker  
  108  11:12  Stalker x7  
  105  11:29  Disruptor x2 (Chrono Boost)  
  107  11:37  Stalker  
  107  11:38  Stalker x5  
  107  11:39  Zealot  
  118  11:40  Zealot  
Show
View Real Time Build Order
Export as new Build Order

GogojOey Zerg 

Build Orders: Hatch First 

Get SALT Encoding   

  12  0:00  Drone  
  13  0:12  Overlord  
  13  0:16  Drone  
  14  0:31  Drone x2  
  16  0:45  Drone  
  16  0:46  Drone  
  18  0:54  Hatchery  
  17  0:58  Drone  
  17  1:00  Extractor  
  17  1:12  Spawning Pool  
  17  1:15  Drone  
  17  1:19  Drone  
  18  1:28  Drone  
  19  1:39  Drone  
  20  1:50  Drone  
  21  2:00  Zergling x2  
  22  2:05  Queen  
  22  2:06  Queen, Zergling x2  
  22  2:07  Metabolic Boost  
  27  2:10  Overlord  
  27  2:19  Drone  
  28  2:29  Drone  
  29  2:33  Hatchery  
  29  2:37  Drone  
  29  2:38  Drone  
  30  2:45  Queen  
  30  2:51  Overlord  
  32  2:54  Zergling x2  
  32  2:56  Zergling x2  
  33  3:00  Zergling x4  
  34  3:13  Spore Crawler  
  34  3:15  Spore Crawler  
  34  3:19  Drone x4  
  34  3:26  Drone x3  
  34  3:27  Drone  
  39  3:35  Drone x2  
  39  3:38  Spore Crawler  
  39  3:40  Drone x2  
  42  3:48  Overlord  
  41  3:50  Queen  
  42  3:59  Spore Crawler  
  41  4:05  Drone  
  41  4:06  Drone x6  
  41  4:07  Drone  
  48  4:14  Drone x3  
  51  4:21  Drone x3  
  54  4:25  Spore Crawler  
  54  4:28  Queen  
  55  4:31  Overlord  
  55  4:33  Overlord  
  55  4:37  Drone x2  
  57  4:43  Lair  
  57  4:48  Overlord  
  57  4:52  Zergling x4  
  59  4:53  Drone x3  
  59  4:57  Drone x3  
  65  5:09  Drone x2  
  65  5:11  Drone x8  
  75  5:22  Overlord  
  75  5:23  Extractor, Roach Warren  
  75  5:25  Extractor  
  75  5:26  Zergling x6  
  75  5:29  Extractor, Drone x2  
  75  5:31  Extractor  
  75  5:32  Drone x5  
  75  5:35  Overlord  
  79  5:36  Queen  
  79  5:40  Queen  
  83  5:42  Overseer  
  83  5:52  Extractor  
  83  5:54  Drone x7  
  89  5:59  Zergling x8  
  92  6:05  Zergling x2, Roach  
  92  6:10  Roach  
  97  6:12  Overlord  
  97  6:13  Overlord  
  97  6:16  Roach  
  97  6:17  Queen  
  97  6:18  Overlord  
  97  6:22  Queen  
  92  6:26  Roach x3  
  92  6:30  Zergling x10, Roach  
  93  6:36  Zergling x2, Roach  
  88  6:42  Roach  
  88  6:47  Glial Reconstitution  
  88  6:50  Drone x2  
  85  6:54  Drone  
  85  6:55  Drone  
  86  7:02  Drone x3  
  86  7:07  Drone  
  86  7:08  Drone  
  91  7:13  Drone  
  91  7:15  Drone  
  93  7:19  Drone  
  94  7:26  Roach x3  
  99  7:31  Roach x2  
  99  7:34  Roach x2  
  107  7:37  Ravager x2  
  107  7:38  Ravager x3  
  107  7:43  Evolution Chamber  
  107  7:44  Overlord x2  
  111  7:47  Overlord  
  111  7:59  Overlord  
  111  8:02  Overlord  
  111  8:03  Drone x8  
  111  8:04  Drone  
  120  8:06  Drone x2  
  120  8:11  Zerg Missile Weapons Level 1  
  121  8:13  Drone  
  121  8:15  Evolution Chamber  
  121  8:27  Zergling x2  
  121  8:28  Zergling x8  
  121  8:30  Ravager x6  
  121  8:32  Drone  
  133  8:36  Hatchery  
  133  8:38  Overlord  
  132  8:43  Zergling x16  
  132  8:44  Drone  
  132  8:47  Ravager x4  
  144  8:48  Zergling x2  
  143  9:02  Zergling x14, Roach x2  
  143  9:12  Zergling x8, Roach  
  143  9:16  Zerg Melee Weapons Level 1  
  148  9:20  Zergling x4, Roach  
  148  9:24  Overlord  
  152  9:27  Overlord  
  152  9:30  Zergling x4  
  152  9:33  Overlord  
  152  9:38  Overlord x2  
  148  9:47  Zergling x8, Roach x2  
  151  9:53  Zergling x10, Roach  
  151  9:56  Zergling x2, Roach x2  
  151  9:57  Queen x2  
  166  10:00  Zergling x4, Roach x3  
  170  10:07  Zergling x2, Roach  
  156  10:14  Zergling x2, Roach  
  131  10:23  Zergling x10, Roach x2  
  129  10:28  Zergling x2, Roach x2  
  129  10:29  Zergling x2  
  129  10:33  Zergling x2  
  129  10:35  Zergling x2  
  131  10:42  Ravager x2, Zergling x2, Roach x2  
  137  10:43  Ravager x6  
  137  10:46  Roach  
  146  10:54  Hatchery, Zergling x2  
  146  10:55  Zergling x8, Roach  
  133  11:08  Zergling x20, Roach x2  
  127  11:14  Zergling x2, Roach  
  112  11:19  Zergling x2, Roach  
  112  11:23  Roach  
  99  11:25  Roach  
  99  11:31  Zergling x14, Roach  
  100  11:38  Roach x3  
  100  11:39  Ravager x3  
  101  11:43  Roach  
  106  11:47  Zergling x2, Roach  
  106  11:54  Zergling x2, Roach  
Tags
 
Add a new tag
Caveats
  • Supply blocks, unpowered buildings, or Contaminate may cause inaccurate times.
  • Supply counts are checked every 10 seconds.